 Dungeon Crawl Stone Soup version 0.26.1-2-gb8aa6d0cf2 (webtiles) character file.

Game seed: 13499755608343619865

4314 hawla the Geomancer (level 10, -13/53 HPs)
             Began as a Deep Elf Conjurer on Feb 16, 2021.
             Was a Priest of Vehumet.
             Killed by the air
             ... invoked by Gastronok
              (34 damage)
             ... on level 9 of the Dungeon.
             The game lasted 00:28:40 (10912 turns).

hawla the Geomancer (Deep Elf Conjurer)            Turns: 10912, Time: 00:28:40

Health: -13/53     AC:  7    Str:  4    XL:     10   Next: 11%
Magic:  3/23       EV: 14    Int: 27    God:    Vehumet [***...]
Gold:   471        SH:  0    Dex: 13    Spells: 15/29 levels left

rFire    . . .     SeeInvis .   (no weapon)
rCold    . . .     Faith    +   (no shield)
rNeg     . . .     Spirit   .   n - +2 robe {Will+}
rPois    +         Reflect  .   (no helmet)
rElec    .         Harm     .   z - +2 cloak
rCorr    +         Rampage  .   (no gloves)
Will     ++...                  (no boots)
Stlth    ++........             r - amulet of faith
HPRegen  0.17/turn              d - ring of poison resistance
MPRegen  0.18/turn              m - ring of resist corrosion

@: no status effects
A: claws 1, low mp 1
a: Renounce Religion


You were on level 9 of the Dungeon.
You worshipped Vehumet.
Vehumet was most pleased with you.
You visited 2 branches of the dungeon, and saw 10 of its levels.

You collected 471 gold pieces.

Inventory:

Missiles
 i - 63 poisoned darts (quivered)
 s - 2 throwing nets
 x - 2 boomerangs
Armour
 n - a +2 robe of willpower (worn)
 z - a +2 cloak (worn)
Jewellery
 d - a ring of poison resistance (left claw)
 l - an uncursed ring of stealth
 m - a ring of resist corrosion (right claw)
 r - an amulet of faith (around neck)
 A - an uncursed amulet of the acrobat
Wands
 c - a wand of polymorph (1)
 f - a wand of digging (6)
Scrolls
 a - a scroll of enchant weapon
 b - 4 scrolls of remove curse
 h - a scroll of fog
 j - 2 scrolls of amnesia
 o - 2 scrolls of teleportation
 y - a scroll of magic mapping
Potions
 e - a potion of brilliance
 g - 2 potions of lignification
 k - 3 potions of curing
 q - a potion of flight
 C - a potion of degeneration {unknown}


   Skills:
 + Level 1.6 Fighting
 - Level 0.1 Throwing
 - Level 5.0 Dodging
 - Level 2.4 Stealth
 + Level 10.2 Spellcasting
 - Level 5.8 Conjurations
 - Level 3.2 Translocations
 + Level 0.0 Transmutations
 + Level 0.0 Fire Magic
 * Level 11.2 Earth Magic
 - Level 2.3 Poison Magic
 - Level 1.0 Evocations


You had 15 spell levels left.
You knew the following spells:

 Your Spells              Type           Power        Failure   Level
a - Magic Dart            Conj           100%         1%          1
b - Searing Ray           Conj           90%          1%          2
c - Iskenderun's Mystic   Conj/Tloc      38%          1%          4
d - Olgreb's Toxic Radia  Pois           26%          4%          4
e - Ignite Poison         Fire/Tmut/Pois 18%          2%          3

Your spell library contained the following spells:

 Spells                   Type           Power        Failure   Level
 Hailstorm                Conj/Ice       29%          3%          4
 Dazzling Flash           Conj/Hex       58%          1%          3
 Mephitic Cloud           Conj/Pois/Air  28%          1%          3
 Sting                    Tmut/Pois      80%          2%          1
 Fulminant Prism          Conj/Hex       14%          3%          4
 Poisonous Vapours        Pois/Air       40%          4%          2


Dungeon Overview and Level Annotations

Branches:
Dungeon (9/15)             Temple (1/1) D:5
   Lair: D:8-11         Orc: D:9-12

Altars:
Ashenzari
Cheibriados
Dithmenos
Elyvilon
Fedhas
Gozag
Hepliaklqana
Kikubaaqudgha
Makhleb
Nemelex Xobeh
Okawaru
Qazlal
Ru
Sif Muna
Trog
Uskayaw
Vehumet
Wu Jian
Xom
Yredelemnul
Zin
The Shining One

Shops:
D:6 *

Annotations:
D:4 1 runed translucent door, ew1980's ghost, novice OgFi
D:5 1 runed translucent door, Crazy Yiuf
D:9 Gastronok


Innate Abilities, Weirdness & Mutations

You have sharp fingernails.
Your magical capacity is low. (-10% MP)


Message History

The searing ray hits Gastronok!
Gastronok is severely wounded.
You finish channeling your searing ray.
It was a potion of resistance.
You feel protected.
It was a potion of cancellation.
Your magical effects are unravelling.
You feel magically purged.
Your resistance to elements expires.
Gastronok bites you!!
Ouch! That really hurt!
Unknown command.
Casting: Searing Ray (safe; 1% risk of failure)
Confirm with . or Enter, or press ? or * to list all spells.
You don't have enough magic to cast that spell.
Okay, then.
Gastronok waves his eye-stalks in wide circles.
The air twists around and strikes you!!
Ouch! That really hurt!
You die...

#.## #.# ...# #.#
#..############.#################
#................................
#................................
..............(..................
...############..################
#### #..# #.@####### ########
######......... .......) ......
............... ........ ......
.......w..##### ######## ......
.........(# ...... ..........#
...... ..........# ......
..........# ...... ..........#


You could see Gastronok (swift, very poisoned).

Vanquished Creatures
  A two-headed ogre (D:9)
  Psyche (D:9)
  Sigmund (D:2)
  Eustachio (D:6)
  Edmund (D:5)
  A black bear (D:9)
  3 ice beasts
  2 phantoms
  4 ogres
  3 centaurs
  4 bullfrogs
  A gnoll sergeant (D:7)
  2 scorpions
  5 killer bees (D:7)
  5 wights (D:8)
  A howler monkey (D:7)
  A bullfrog zombie (D:6)
  2 hounds
  6 orc wizards
  5 orc priests
  3 bullfrog skeletons
  An iguana (D:8)
  4 worker ants
  2 hound zombies
  A hound skeleton (D:7)
  A worker ant zombie (D:6)
  A howler monkey skeleton (D:6)
  5 gnolls (D:7)
  6 adders
  A shadow imp (D:7)
  3 ufetubi
  2 oozes (D:2)
  2 adder skeletons
  3 adder zombies
  4 worms
  5 dart slugs
  8 leopard geckos
  29 orcs
  4 giant cockroaches
  19 goblins
  4 hobgoblins
  13 jackals
  12 kobolds
  2 ball pythons (D:2)
  13 bats
  2 frilled lizards
  A quokka skeleton (D:8)
  8 rats
209 creatures vanquished.

Notes
Turn   | Place    | Note
-------+----------+-------------------------------------------
     0 | D:1      | hawla the Deep Elf Conjurer began the quest for the Orb.
     0 | D:1      | Reached XP level 1. HP: 10/10 MP: 6/6
   175 | D:1      | Reached XP level 2. HP: 15/15 MP: 6/8
   178 | D:1      | Learned a level 2 spell: Searing Ray
   196 | D:1      | Reached skill level 1 in Earth Magic
   605 | D:1      | Reached XP level 3. HP: 19/19 MP: 2/10
   701 | D:1      | Reached skill level 2 in Earth Magic
  1592 | D:2      | Noticed Sigmund
  1619 | D:2      | Killed Sigmund
  1620 | D:2      | Reached skill level 5 in Spellcasting
  1620 | D:2      | Reached skill level 4 in Earth Magic
  1620 | D:2      | Reached XP level 4. HP: 24/24 MP: 7/13
  1620 | D:2      | Reached XP level 5. HP: 28/28 MP: 7/14
  1625 | D:2      | Learned a level 4 spell: Iskenderun's Mystic Blast
  1904 | D:2      | You fall into a shaft and drop 1 floor!
  2834 | D:3      | Reached XP level 6. HP: 32/32 MP: 13/15
  3634 | D:3      | Noticed an air elemental
  3636 | D:3      | Found a stormy altar of Qazlal.
  3638 | D:3      | Noticed a water elemental
  3638 | D:3      | Noticed a fire elemental
  4126 | D:4      | Reached skill level 1 in Translocations
  4126 | D:4      | Reached skill level 5 in Earth Magic
  4380 | D:4      | Found a runed translucent door.
  4380 | D:4      | Noticed ew1980's ghost (novice OgFi)
  4755 | D:4      | Reached XP level 7. HP: 36/36 MP: 12/17
  4802 | D:4      | Reached skill level 5 in Conjurations
  5444 | D:5      | Entered Level 5 of the Dungeon
  5444 | D:5      | Found a staircase to the Ecumenical Temple.
  5454 | D:5      | Reached skill level 6 in Earth Magic
  5468 | Temple   | Entered the Ecumenical Temple
  5809 | Temple   | Became a worshipper of Vehumet
  5978 | D:5      | Noticed Eustachio
  5981 | D:5      | Noticed Edmund
  6006 | D:6      | Killed Eustachio
  6149 | D:5      | Killed Edmund
  6150 | D:5      | Reached XP level 8. HP: 35/41 MP: 0/19
  6446 | D:5      | Found a runed translucent door.
  6447 | D:5      | Noticed Crazy Yiuf
  6791 | D:6      | Reached skill level 7 in Earth Magic
  6878 | D:6      | Reached * piety under Vehumet
  6878 | D:6      | Offered knowledge of Foxfire by Vehumet.
  6879 | D:6      | Reached skill level 5 in Dodging
  6905 | D:6      | Found an opulent altar of Gozag.
  6906 | D:6      | Found a stormy altar of Qazlal.
  6906 | D:6      | Found a sparkling altar of Nemelex Xobeh.
  6907 | D:6      | Found a shadowy altar of Dithmenos.
  7258 | D:6      | Reached skill level 8 in Earth Magic
  7354 | D:6      | Found Kisyshag's Assorted Antiques.
  7501 | D:6      | Offered knowledge of Shock by Vehumet.
  7505 | D:6      | Reached ** piety under Vehumet
  7506 | D:6      | Reached XP level 9. HP: 22/45 MP: 4/23
  8011 | D:7      | Reached skill level 9 in Earth Magic
  8673 | D:7      | Offered knowledge of Inner Flame by Vehumet.
  8832 | D:7      | Reached skill level 10 in Earth Magic
  9288 | D:8      | Gained mutation: You possess an exceptional clarity of
                  | mind. [potion of mutation]
  9288 | D:8      | Lost mutation: You possess an exceptional clarity of mind.
                  | [potion of mutation]
  9288 | D:8      | Gained mutation: Your magical capacity is low. (-10% MP)
                  | [potion of mutation]
  9288 | D:8      | Gained mutation: You have sharp fingernails. [potion of
                  | mutation]
  9394 | D:8      | Reached *** piety under Vehumet
 10344 | D:9      | Offered knowledge of Hailstorm by Vehumet.
 10350 | D:9      | Learned a level 4 spell: Olgreb's Toxic Radiance
 10444 | D:9      | Found an iron altar of Okawaru.
 10456 | D:9      | Noticed a two-headed ogre
 10457 | D:9      | Noticed Psyche
 10464 | D:9      | Killed Psyche
 10465 | D:9      | Reached skill level 1 in Fighting
 10465 | D:9      | Reached skill level 10 in Spellcasting
 10465 | D:9      | Reached skill level 11 in Earth Magic
 10465 | D:9      | Reached skill level 1 in Poison Magic
 10465 | D:9      | Reached skill level 1 in Evocations
 10579 | D:9      | Killed a two-headed ogre
 10580 | D:9      | Reached XP level 10. HP: 5/53 MP: 2/23
 10584 | D:9      | Learned a level 3 spell: Ignite Poison
 10892 | D:9      | Noticed Gastronok
 10912 | D:9      | Killed from afar by Gastronok

Illustrated notes

Levels and vault maps discovered:
D:1:      saegor_arrival_simple_c, layout_basic
D:2:      layout_basic, hex_intersection, uniq_sigmund
D:3:      layout_basic, minmay_tree_intersection, grunt_ministairs_12,
          nicolae_qazlal_style_of_elements
D:4:      layout_gridville, ebering_ghost_reflecting_pool, minmay_ogre_servants
D:5:      layout_rooms, minmay_temple_entry_proselytizer,
          uniq_crazy_yiuf_cottage, uniq_edmund, uniq_eustachio
D:6:      layout_rooms, chequers_temple_overflow_statue_of_worship,
          serial_shops, nicolae_shop_temple_entry_statues_fountains
D:7:      layout_basic
D:8:      layout_gridville
D:9:      layout_long_grid, okawaru_humans, uniq_gastronok, uniq_psyche
Temple:   dpeg_five_rooms_temple

Skill      XL: |  1  2  3  4  5  6  7  8  9 |
---------------+----------------------------+-----
Earth Magic    | 1 4 5 6 8 11 | 11.2
Dodging        | 3 4 5 |  5.0
Spellcasting   | 5 6 8 10 | 10.2
Translocations | 1 2 3 |  3.2
Conjurations   | 5 |  5.8
Fighting       | 1 |  1.6
Poison Magic   | 2 |  2.3
Evocations     | 1 |  1.0
Throwing       | |  0.1
Stealth        | |  2.4

Action                   |  1- 3 |  4- 6 |  7- 9 | 10-12 || total
-------------------------+-------+-------+-------+-------++-------
Melee: Unarmed           |       |     2 |    30 |       ||    32
Throw: Dart              |       |       |     9 |       ||     9
 Cast: Magic Dart        |    32 |    26 |    27 |     1 ||    86
       Searing Ray       |    19 |    33 |    82 |     4 ||   138
       Iskenderun's Myst |       |     4 |    29 |       ||    33
       Olgreb's Toxic Ra |       |       |     1 |     2 ||     3
  Use: Potion            |     3 |     1 |     5 |     2 ||    11
       Scroll            |       |     9 |    15 |       ||    24
Armor: Skin              |     6 |     3 |    31 |       ||    40
       Robe              |       |     4 |    12 |       ||    16
Dodge: Dodged            |     4 |    13 |    88 |       ||   105
